[ PARTIDA AOE2 · #505846281 ]
UnrankedGodos vs Saracens
Equipo del jugador · VICT
Equipo rival · DERR
[ ANÁLISIS DE REPETICIÓN · EXTRAÍDO DE LA PARTIDA GRABADA ]
Feudal
12:26
Castillos
17:25
Imperial
30:46
| APM promedio | 75.3 |
| APM pico | 106 |
| eAPM promedio | 42.3 |
| Aldeanos / militares | 462 / 605 |
Foco
⚔️ 48.6% · 🌾 51.4%
Spearman ×210 · Huskarl ×154 · Skirmisher ×127 · Archer ×69 · Bombard Cannon ×11 · Battering Ram ×9
Feudal
8:50
Castillos
17:46
Imperial
35:24
| APM promedio | 64.7 |
| APM pico | 107 |
| eAPM promedio | 38.3 |
| Aldeanos / militares | 366 / 601 |
Foco
⚔️ 56.9% · 🌾 43.1%
Scout Cavalry ×210 · Skirmisher ×198 · Hand Cannoneer ×71 · Monk ×48 · Bombard Cannon ×24 · Trebuchet (Packed) ×14
Mapa de la partida
Recursos iniciales + cada clic de construcción. Líneas = muros · curvas = relieve. ◆ oro · ⬟ piedra · ● bayas · ✦ reliquia · ◌ hueco del cierre
Tu base· Abierta — flanco sin cerrar
Base de OS+ | NeoZz· Abierta — hueco de 4t
Terreno inicial suavizado · ◌ = hueco del cierre detectado · pasá el cursor para detalles
Inputs por minuto
— Oni.Lewis - - OS+ | NeoZz
Build order — Oni.Lewis
Primeras 150 de 1354 acciones detectadas
| 0:00 | Crear | Villager (Male) |
| 0:00 | Crear | Villager (Male) |
| 0:01 | Construir | House |
| 0:02 | Construir | House |
| 0:12 | Crear | Villager (Male) |
| 0:13 | Crear | Villager (Male) |
| 1:12 | Crear | Villager (Male) |
| 1:43 | Crear | Villager (Male) |
| 1:53 | Construir | Lumber Camp |
| 2:15 | Crear | Villager (Male) |
| 2:34 | Crear | Villager (Male) |
| 3:11 | Crear | Villager (Male) |
| 3:28 | Construir | House |
| 3:31 | Crear | Villager (Male) |
| 3:49 | Crear | Villager (Male) |
| 4:03 | Crear | Villager (Male) |
| 4:23 | Crear | Villager (Male) |
| 4:29 | Crear | Villager (Male) |
| 4:36 | Crear | Villager (Male) |
| 4:48 | Construir | Barracks |
| 5:20 | Investigar | Loom |
| 5:20 | Crear | Villager (Male) |
| 5:22 | Investigar | Loom |
| 5:24 | Crear | Villager (Male) |
| 5:37 | Crear | Villager (Male) |
| 5:42 | Construir | House |
| 5:43 | Crear | Militia |
| 6:01 | Crear | Villager (Male) |
| 6:02 | Crear | Militia |
| 6:17 | Crear | Villager (Male) |
| 6:18 | Crear | Militia |
| 6:22 | Construir | House |
| 6:31 | Crear | Villager (Male) |
| 6:31 | Crear | Militia |
| 6:37 | Crear | Villager (Male) |
| 6:40 | Construir | House |
| 6:41 | Construir | Palisade Wall |
| 6:52 | Crear | Militia |
| 6:53 | Crear | Villager (Male) |
| 7:07 | Crear | Villager (Male) |
| 7:30 | Construir | Mill |
| 7:39 | Crear | Villager (Male) |
| 7:50 | Crear | Villager (Male) |
| 8:18 | Crear | Villager (Male) |
| 8:43 | Crear | Villager (Male) |
| 8:46 | Construir | Farm |
| 8:51 | Construir | Farm |
| 9:00 | Crear | Villager (Male) |
| 9:13 | Construir | Palisade Wall |
| 9:21 | Construir | Palisade Wall |
| 9:23 | Construir | Palisade Wall |
| 9:30 | Construir | Mining Camp |
| 9:41 | Crear | Villager (Male) |
| 9:54 | Investigar | Feudal Age |
| 9:57 | Crear | Villager (Male) |
| 10:29 | Construir | Palisade Wall |
| 10:30 | Construir | Palisade Wall |
| 10:49 | Construir | Palisade Wall |
| 11:03 | Construir | Palisade Gate |
| 11:04 | Construir | Palisade Wall |
| 11:04 | Construir | Palisade Wall |
| 11:05 | Construir | Palisade Wall |
| 11:27 | Crear | Villager (Male) |
| 11:50 | Construir | Palisade Wall |
| 12:04 | Construir | House |
| 12:08 | Crear | Villager (Male) |
| 12:26 | Edad | Edad Feudal |
| 12:27 | Construir | Archery Range |
| 12:28 | Crear | Villager (Male) |
| 12:38 | Construir | Blacksmith |
| 12:41 | Crear | Villager (Male) |
| 12:48 | Crear | Villager (Male) |
| 12:58 | Construir | House |
| 13:12 | Construir | Farm |
| 13:17 | Crear | Villager (Male) |
| 13:19 | Construir | Farm |
| 13:33 | Construir | Farm |
| 13:33 | Crear | Villager (Male) |
| 13:52 | Construir | Farm |
| 13:53 | Construir | Farm |
| 13:59 | Crear | Villager (Male) |
| 14:04 | Construir | House |
| 14:04 | Construir | House |
| 14:27 | Crear | Villager (Male) |
| 14:35 | Crear | Archer |
| 14:45 | Investigar | Castle Age |
| 14:55 | Construir | Archery Range |
| 15:11 | Crear | Archer |
| 15:13 | Investigar | Fletching |
| 15:21 | Construir | Farm |
| 15:36 | Crear | Villager (Male) |
| 15:38 | Construir | Farm |
| 15:50 | Construir | Farm |
| 15:50 | Crear | Villager (Male) |
| 15:53 | Construir | Farm |
| 15:57 | Crear | Archer |
| 16:12 | Crear | Archer |
| 16:20 | Crear | Villager (Male) |
| 16:23 | Construir | Farm |
| 16:27 | Crear | Archer |
| 16:27 | Crear | Archer |
| 16:32 | Crear | Archer |
| 16:35 | Crear | Archer |
| 16:51 | Construir | Palisade Wall |
| 16:53 | Construir | Farm |
| 16:53 | Crear | Villager (Male) |
| 17:01 | Construir | Farm |
| 17:04 | Crear | Archer |
| 17:10 | Investigar | Double-Bit Axe |
| 17:15 | Crear | Archer |
| 17:16 | Crear | Villager (Male) |
| 17:25 | Edad | Edad de los Castillos |
| 17:28 | Investigar | Crossbowman (upgrade) |
| 17:31 | Crear | Villager (Male) |
| 17:43 | Crear | Villager (Male) |
| 17:44 | Construir | Farm |
| 17:49 | Crear | Archer |
| 18:02 | Investigar | Bodkin Arrow |
| 18:04 | Construir | Farm |
| 18:05 | Construir | Farm |
| 18:12 | Construir | House |
| 18:13 | Construir | House |
| 18:22 | Construir | Farm |
| 18:28 | Crear | Villager (Male) |
| 18:34 | Crear | Archer |
| 18:36 | Crear | Villager (Male) |
| 18:40 | Crear | Archer |
| 18:43 | Crear | Villager (Male) |
| 18:50 | Crear | Archer |
| 18:57 | Investigar | Horse Collar |
| 18:59 | Crear | Villager (Male) |
| 19:04 | Crear | Villager (Male) |
| 19:08 | Crear | Archer |
| 19:17 | Crear | Villager (Male) |
| 19:18 | Crear | Villager (Male) |
| 19:21 | Crear | Archer |
| 19:21 | Crear | Archer |
| 19:27 | Investigar | Bow Saw |
| 19:32 | Crear | Villager (Male) |
| 19:36 | Crear | Archer |
| 19:52 | Crear | Villager (Male) |
| 19:58 | Crear | Villager (Male) |
| 20:01 | Construir | Lumber Camp |
| 20:08 | Crear | Villager (Male) |
| 20:13 | Construir | Siege Workshop |
| 20:14 | Crear | Archer |
| 20:19 | Crear | Villager (Male) |
| 20:25 | Crear | Archer |
| 20:27 | Crear | Villager (Male) |
| 20:47 | Crear | Villager (Male) |
Build order — OS+ | NeoZz
Primeras 150 de 1202 acciones detectadas
| 0:00 | Crear | Villager (Male) |
| 0:00 | Crear | Villager (Male) |
| 0:02 | Construir | House |
| 0:03 | Construir | House |
| 0:11 | Crear | Villager (Male) |
| 0:11 | Crear | Villager (Male) |
| 1:29 | Crear | Villager (Male) |
| 1:39 | Crear | Villager (Male) |
| 1:39 | Crear | Villager (Male) |
| 1:44 | Construir | Lumber Camp |
| 2:25 | Crear | Villager (Male) |
| 2:25 | Crear | Villager (Male) |
| 3:16 | Crear | Villager (Male) |
| 3:41 | Crear | Villager (Male) |
| 3:47 | Construir | House |
| 3:48 | Construir | House |
| 4:02 | Crear | Villager (Male) |
| 4:03 | Crear | Villager (Male) |
| 4:31 | Crear | Villager (Male) |
| 4:34 | Crear | Villager (Male) |
| 4:34 | Crear | Villager (Male) |
| 4:58 | Construir | Mill |
| 5:06 | Crear | Villager (Male) |
| 5:16 | Investigar | Loom |
| 6:38 | Investigar | Feudal Age |
| 6:57 | Construir | House |
| 6:58 | Construir | Palisade Wall |
| 7:03 | Construir | Palisade Wall |
| 7:13 | Construir | Palisade Wall |
| 7:13 | Construir | Palisade Wall |
| 7:14 | Construir | Palisade Wall |
| 7:32 | Construir | Barracks |
| 7:37 | Crear | Villager (Male) |
| 7:44 | Construir | Palisade Wall |
| 7:56 | Construir | Palisade Wall |
| 7:58 | Construir | Palisade Wall |
| 8:08 | Construir | Palisade Wall |
| 8:11 | Construir | Palisade Wall |
| 8:11 | Construir | Palisade Wall |
| 8:16 | Construir | Palisade Wall |
| 8:50 | Edad | Edad Feudal |
| 8:51 | Construir | Palisade Wall |
| 8:55 | Construir | Archery Range |
| 8:56 | Crear | Villager (Male) |
| 8:56 | Crear | Villager (Male) |
| 9:01 | Investigar | Double-Bit Axe |
| 9:02 | Crear | Villager (Male) |
| 9:02 | Crear | Villager (Male) |
| 9:52 | Crear | Archer |
| 9:54 | Construir | Blacksmith |
| 9:55 | Crear | Villager (Male) |
| 9:56 | Crear | Villager (Male) |
| 10:14 | Construir | Mining Camp |
| 10:16 | Construir | Palisade Wall |
| 10:28 | Crear | Villager (Male) |
| 10:41 | Crear | Villager (Male) |
| 10:53 | Construir | Market |
| 11:02 | Crear | Archer |
| 11:02 | Crear | Archer |
| 11:07 | Crear | Villager (Male) |
| 11:07 | Crear | Villager (Male) |
| 11:09 | Construir | Farm |
| 11:30 | Crear | Villager (Male) |
| 11:34 | Construir | House |
| 11:35 | Crear | Archer |
| 11:46 | Construir | Farm |
| 11:54 | Crear | Villager (Male) |
| 12:09 | Construir | House |
| 12:13 | Investigar | Fletching |
| 12:15 | Crear | Villager (Male) |
| 12:17 | Construir | Farm |
| 12:20 | Construir | House |
| 12:27 | Crear | Villager (Male) |
| 12:31 | Construir | Farm |
| 12:36 | Crear | Villager (Male) |
| 12:44 | Crear | Villager (Male) |
| 12:47 | Construir | Farm |
| 12:51 | Construir | House |
| 13:03 | Crear | Villager (Male) |
| 13:05 | Construir | Farm |
| 13:19 | Construir | Farm |
| 13:27 | Crear | Archer |
| 13:41 | Construir | Farm |
| 13:53 | Construir | Farm |
| 14:37 | Crear | Villager (Male) |
| 15:04 | Investigar | Castle Age |
| 15:14 | Construir | Farm |
| 15:20 | Investigar | Horse Collar |
| 15:48 | Investigar | Gold Mining |
| 15:48 | Investigar | Gold Mining |
| 16:17 | Crear | Villager (Male) |
| 16:20 | Crear | Skirmisher |
| 16:22 | Crear | Skirmisher |
| 16:29 | Construir | Archery Range |
| 16:34 | Crear | Skirmisher |
| 16:40 | Construir | Lumber Camp |
| 16:45 | Construir | House |
| 16:48 | Investigar | Padded Archer Armor |
| 16:48 | Crear | Skirmisher |
| 17:28 | Crear | Skirmisher |
| 17:28 | Crear | Skirmisher |
| 17:30 | Crear | Villager (Male) |
| 17:46 | Edad | Edad de los Castillos |
| 17:47 | Construir | University |
| 17:48 | Investigar | Bodkin Arrow |
| 17:48 | Investigar | Bodkin Arrow |
| 18:00 | Crear | Skirmisher |
| 18:03 | Crear | Skirmisher |
| 18:23 | Crear | Skirmisher |
| 18:23 | Crear | Skirmisher |
| 18:31 | Crear | Villager (Male) |
| 18:46 | Investigar | Elite Skirmisher (upgrade) |
| 18:51 | Crear | Villager (Male) |
| 18:51 | Crear | Villager (Male) |
| 19:22 | Investigar | Ballistics |
| 19:22 | Investigar | Ballistics |
| 19:23 | Crear | Villager (Male) |
| 19:23 | Crear | Villager (Male) |
| 19:46 | Crear | Skirmisher |
| 19:46 | Crear | Skirmisher |
| 19:55 | Crear | Villager (Male) |
| 20:03 | Construir | Monastery |
| 20:11 | Crear | Skirmisher |
| 20:34 | Crear | Villager (Male) |
| 20:35 | Construir | Farm |
| 20:36 | Construir | Farm |
| 20:38 | Construir | Farm |
| 20:40 | Crear | Skirmisher |
| 20:40 | Crear | Skirmisher |
| 20:53 | Crear | Skirmisher |
| 20:59 | Crear | Monk |
| 21:00 | Construir | Farm |
| 21:01 | Construir | Farm |
| 21:15 | Crear | Villager (Male) |
| 21:15 | Crear | Villager (Male) |
| 21:20 | Construir | House |
| 21:27 | Crear | Villager (Male) |
| 21:33 | Crear | Villager (Male) |
| 21:37 | Crear | Villager (Male) |
| 21:41 | Crear | Villager (Male) |
| 21:47 | Construir | Town Center |
| 21:49 | Crear | Monk |
| 22:06 | Crear | Skirmisher |
| 22:07 | Crear | Skirmisher |
| 22:22 | Crear | Villager (Male) |
| 22:22 | Crear | Villager (Male) |
| 22:30 | Crear | Villager (Male) |
| 22:34 | Construir | House |
| 22:35 | Construir | House |
| 22:42 | Investigar | Bow Saw |
Cronología de la partida
| 4:48 | Oni.Lewis · first_building Barracks |
| 6:41 | Oni.Lewis · wall_segment Palisade Wall x1 |
| 6:58 | OS+ | NeoZz · wall_segment Palisade Wall x3 |
| 7:03 | OS+ | NeoZz · wall_segment Palisade Wall x2 |
| 7:13 | OS+ | NeoZz · wall_segment Palisade Wall x1 |
| 7:13 | OS+ | NeoZz · wall_segment Palisade Wall x1 |
| 7:14 | OS+ | NeoZz · wall_segment Palisade Wall x4 |
| 7:32 | OS+ | NeoZz · first_building Barracks |
| 7:44 | OS+ | NeoZz · wall_segment Palisade Wall x9 |
| 7:56 | OS+ | NeoZz · wall_segment Palisade Wall x2 |
| 7:58 | OS+ | NeoZz · wall_segment Palisade Wall x5 |
| 8:08 | OS+ | NeoZz · wall_segment Palisade Wall x1 |
| 8:11 | OS+ | NeoZz · wall_segment Palisade Wall x1 |
| 8:11 | OS+ | NeoZz · wall_segment Palisade Wall x1 |
| 8:16 | OS+ | NeoZz · wall_segment Palisade Wall x1 |
| 8:50 | OS+ | NeoZz · age_up feudal |
| 8:51 | OS+ | NeoZz · wall_segment Palisade Wall x4 |
| 8:55 | OS+ | NeoZz · first_building Archery Range |
| 9:13 | Oni.Lewis · wall_segment Palisade Wall x1 |
| 9:21 | Oni.Lewis · wall_segment Palisade Wall x2 |
| 9:23 | Oni.Lewis · wall_segment Palisade Wall x6 |
| 10:16 | OS+ | NeoZz · wall_segment Palisade Wall x1 |
| 10:29 | Oni.Lewis · wall_segment Palisade Wall x11 |
| 10:30 | Oni.Lewis · wall_segment Palisade Wall x5 |
| 10:49 | Oni.Lewis · wall_segment Palisade Wall x11 |
| 11:04 | Oni.Lewis · wall_segment Palisade Wall x1 |
| 11:04 | Oni.Lewis · wall_segment Palisade Wall x1 |
| 11:05 | Oni.Lewis · wall_segment Palisade Wall x1 |
| 11:50 | Oni.Lewis · wall_segment Palisade Wall x6 |
| 12:26 | Oni.Lewis · age_up feudal |
| 12:27 | Oni.Lewis · first_building Archery Range |
| 13:50 | OS+ | NeoZz · first_market_sell 500 stone |
| 14:10 | OS+ | NeoZz · first_market_buy 100 food |
| 16:51 | Oni.Lewis · wall_segment Palisade Wall x1 |
| 17:25 | Oni.Lewis · age_up castle |
| 17:46 | OS+ | NeoZz · age_up castle |
| 20:03 | OS+ | NeoZz · first_building Monastery |
| 20:13 | Oni.Lewis · first_building Siege Workshop |
| 26:40 | Oni.Lewis · first_market_sell 500 wood |
| 29:05 | Oni.Lewis · first_market_buy 100 wood |
| 30:46 | Oni.Lewis · age_up imperial |
| 31:49 | OS+ | NeoZz · first_building Castle |
| 32:52 | Oni.Lewis · first_building Castle |
| 35:24 | OS+ | NeoZz · age_up imperial |
| 36:19 | OS+ | NeoZz · first_building Siege Workshop |
| 36:20 | Oni.Lewis · first_building Monastery |
| 43:18 | OS+ | NeoZz · wall_segment Stone Wall x8 |
| 43:21 | OS+ | NeoZz · wall_segment Stone Wall x13 |
| 43:52 | OS+ | NeoZz · wall_segment Stone Wall x13 |
| 44:22 | OS+ | NeoZz · wall_segment Stone Wall x1 |
| 44:23 | OS+ | NeoZz · wall_segment Stone Wall x1 |
| 44:24 | OS+ | NeoZz · wall_segment Stone Wall x1 |
| 44:24 | OS+ | NeoZz · wall_segment Stone Wall x1 |
| 44:24 | OS+ | NeoZz · wall_segment Stone Wall x1 |
| 47:52 | OS+ | NeoZz · first_building Stable |
| 52:39 | OS+ | NeoZz · wall_segment Stone Wall x8 |
| 55:21 | OS+ | NeoZz · wall_segment Stone Wall x1 |
| 55:22 | OS+ | NeoZz · wall_segment Stone Wall x1 |
| 55:23 | OS+ | NeoZz · wall_segment Stone Wall x2 |
| 76:02 | OS+ | NeoZz · resign |
[ ANÁLISIS IA · 1 CRÉDITO ]
¿Qué pasó realmente en esta partida?
Wolo.gg analiza cada decisión: build order, eco, micro, errores típicos por bracket. Análisis personalizado por WhatsApp o Discord en 30 segundos.
Guía civ
Godos
Perfil
Jugador #8793414